 Dungeon Crawl Stone Soup version 0.29.1-12-g30fa7ad0bf (webtiles) character file.

Game seed: 1416514433299300267

432 raph the Firebug (level 6, -4/32 HPs)
             Began as a Deep Elf Fire Elementalist on Jan 15, 2023.
             Asphyxiated
             ... on level 3 of the Dungeon.
             The game lasted 00:05:21 (2750 turns).

raph the Firebug (Deep Elf Fire Elementalist)       Turns: 2750, Time: 00:05:22

Health: -4/32      AC:  4    Str:  5    XL:     6   Next: 67%
Magic:  8/12       EV: 12    Int: 22    God:
Gold:   138        SH:  0    Dex: 15    Spells: 5/11 levels left

rFire   . . .      SeeInvis .   e - +2 whip (freeze)
rCold   + . .      Faith    .   (no shield)
rNeg    . . .      Spirit   .   a - +0 robe
rPois   .          Reflect  .   (no helmet)
rElec   .          Harm     .   d - +1 cloak
rCorr   .          Rampage  .   (no gloves)
Will    .....                   (no boots)
Stlth   ++........              (no amulet)
HPRegen 0.10/turn               k - ring of protection from cold
MPRegen 0.13/turn               (no ring)

@: lethally poisoned (-4 -> -21), slowed, very slow
A: no striking features
a: no special abilities


You were on level 3 of the Dungeon.
You visited 1 branch of the dungeon, and saw 3 of its levels.

You collected 138 gold pieces.

Inventory:

Hand Weapons
 e - a +2 whip of freezing (weapon)
Armour
 a - a +0 robe (worn)
 d - a +1 cloak (worn)
Jewellery
 k - a ring of protection from cold (left hand)
Scrolls
 g - 2 scrolls of enchant armour
 j - a scroll of poison
 l - a scroll of identify
Potions
 b - 2 potions of magic
 c - a potion of curing
 f - a potion of brilliance {unknown}
 h - a potion of berserk rage {unknown}
 i - a potion of lignification {unknown}
 m - a potion of flight {unknown}
 n - a potion of ambrosia {unknown}


   Skills:
 - Level 2.4 Dodging
 - Level 2.4 Stealth
 - Level 3.0 Spellcasting
 + Level 5.4 Conjurations
 + Level 6.3 Fire Magic


You had 5 spell levels left.
You knew the following spells:

 Your Spells              Type           Power      Damage    Failure   Level
a - Foxfire               Conj/Fire      100%       2x1d9     1%          1
b - Scorch                Fire           62%        2d8       1%          2
c - Conjure Flame         Conj/Fire      29%        6-21      3%          3

Your spell library contained the following spells:

 Spells                   Type           Power      Damage    Failure   Level
 Inner Flame              Hex/Fire       17%        N/A       10%         3
 Flame Wave               Conj/Fire      29%        2d9       11%         4
 Apportation              Tloc           6%         N/A       12%         1
 Slow                     Hex            12%        N/A       12%         1
 Confusing Touch          Hex            3%         N/A       36%         3
 Vampiric Draining        Necr           3%         2d6       36%         3
 Alistair's Intoxication  Tmut/Pois      2%         N/A       98%         5


Dungeon Overview and Level Annotations

Branches:
Dungeon (3/15)

Altars:
Wu Jian

Shops:
D:1 *


Message History

Casting: Scorch (safe; 1% risk of failure)
Confirm with . or Enter, or press ? or * to list all spells.
You conjure some foxfire!
You feel sick.
Your foxfire dissipates!
You feel sick.
The foxfire hits the kobold brigand.
The kobold brigand is lightly wounded.
You feel sick.
You feel sick.
You feel sick.
Casting: Foxfire (safe; 1% risk of failure)
Confirm with . or Enter, or press ? or * to list all spells.
You conjure some foxfire!
You feel sick.
You are no longer poisoned.
Magic courses through your body.
The foxfire hits the kobold brigand but does no damage.
The kobold brigand is lightly wounded.
Casting: Foxfire (safe; 1% risk of failure)
Confirm with . or Enter, or press ? or * to list all spells.
Flames lash the kobold brigand.
The kobold brigand is lightly wounded.
The kobold brigand's fire resistance burns away.
The kobold brigand hits you with a +1 dagger of speed.
Your foxfire dissipates!
The kobold brigand throws a curare-tipped dart.
The curare-tipped dart hits you.
You are poisoned.
You have difficulty breathing.
* * * LOW HITPOINT WARNING * * *
You feel yourself slow down.
Casting: Scorch (safe; 1% risk of failure)
Confirm with . or Enter, or press ? or * to list all spells.
Flames lash the kobold brigand.
The kobold brigand is burned terribly!
The kobold brigand is severely wounded.
* * * LOW HITPOINT WARNING * * *
You feel very sick.
The kobold brigand throws a curare-tipped dart.
The curare-tipped dart hits you.
You are more poisoned.
You have difficulty breathing.
You die...

#.#####)#~~#.K#
#)#~~##..
#.)~~≈#..# #.
##)~~~≈#..# #.
##..~~~~#..#
#.###.###~~##..#
##....K# ~~# ##
#.
.....##.###~##
#. ++##.###@..~#
### #.
#....###.# #~#
#. #..#.# #~##
#. #..#.# #~~##
#. #.##.# ##
#~~~#
#.######.##.#
#.K##≈~~#.#
#.....)..##.#
#.K#≈≈~~#.#
###.#######.#
#.K##≈~~#.#
#.........#####
#~~~#.#


You could see a kobold brigand (combustible).

Vanquished Creatures
  Sigmund (D:3)
  A kobold brigand (D:3)
  Jessica (D:3)
  An orc wizard (D:3)
  3 gnolls (D:2)
  6 adders
  A dart slug (D:1)
  4 orcs (D:3)
  3 endoplasms
  A giant cockroach (D:3)
  7 goblins
  5 hobgoblins
  4 jackals (D:3)
  10 kobolds
  2 quokkas (D:1)
  8 ball pythons
  5 bats
  4 frilled lizards
  7 rats
74 creatures vanquished.

Vanquished Creatures (others)
  168 foxfires
168 creatures vanquished.

Grand Total: 242 creatures vanquished

Notes
Turn   | Place    | Note
-------+----------+-------------------------------------------
     0 | D:1      | raph the Deep Elf Fire Elementalist began the quest for the
                  | Orb.
     0 | D:1      | Reached XP level 1. HP: 10/10 MP: 6/6
   192 | D:1      | Reached XP level 2. HP: 15/15 MP: 5/8
   206 | D:1      | Learned a level 2 spell: Scorch
   677 | D:1      | Found Ybotuir's Assorted Antiques.
   934 | D:2      | Reached skill level 4 in Fire Magic
   941 | D:2      | Reached XP level 3. HP: 19/19 MP: 2/9
  1307 | D:2      | Learned a level 3 spell: Conjure Flame
  1378 | D:2      | Found a faded altar of an unknown god.
  1439 | D:2      | Reached XP level 4. HP: 24/24 MP: 7/10
  1936 | D:3      | Found an ornate altar of the Wu Jian Council.
  2152 | D:3      | Reached skill level 5 in Fire Magic
  2187 | D:3      | Reached XP level 5. HP: 20/28 MP: 0/11
  2414 | D:3      | Noticed Sigmund
  2418 | D:3      | Killed Sigmund
  2419 | D:3      | Reached XP level 6. HP: 32/32 MP: 7/12
  2522 | D:3      | Noticed Jessica
  2529 | D:3      | Killed Jessica
  2530 | D:3      | Reached skill level 5 in Conjurations
  2530 | D:3      | Reached skill level 6 in Fire Magic
  2750 | D:3      | Asphyxiated

Illustrated notes

Levels and vault maps discovered:
D:1:      psy_arrival_spokes, layout_rooms, serial_shops, nicolae_shop_trees,
          minmay_ruptured
D:2:      layout_rooms, chequers_ecumenical_altar_twisty
D:3:      cheibrodos_thug_alley, layout_loops_ring,
          mainiacjoe_overflow_tiny_flanked, general_overflow_altar,
          uniq_sigmund, uniq_jessica

Skill      XL: |  1  2  3  4  5  6 |
---------------+-------------------+-----
Conjurations   | 2 3 4 5 |  5.4
Fire Magic     | 4 5 6 |  6.3
Dodging        | |  2.4
Stealth        | |  2.4
Spellcasting   | |  3.0

Action                   |  1- 3 |  4- 6 || total
-------------------------+-------+-------++-------
Melee: Whip              |     5 |     4 ||     9
 Cast: Foxfire           |    52 |    50 ||   102
       Scorch            |     9 |    23 ||    32
       Conjure Flame     |       |     1 ||     1
  Use: Scroll            |     8 |       ||     8
       Potion            |       |     3 ||     3
Armor: Robe              |     4 |    10 ||    14
Dodge: Dodged            |    16 |     7 ||    23
